Map: Dusk Towers

Players

Lilbow

  • Race: Protoss Protoss
  • League: Grandmaster

SortOf - Winner!

  • Race: Zerg Zerg
  • League: Grandmaster

Event: 2016 WCS Winter Circuit Championship

VOD

Have the link to the VOD?

Description

Time

  • Played on: March 2, 2016, 10:14 a.m.
  • Length: 9:37

All games in this series

Show
View Real Time Build Order
Export as new Build Order

Lilbow Protoss 

Build Orders: 1 Gate Expand 

Get SALT Encoding   

  12  0:01  Probe (Chrono Boost)  
  13  0:11  Probe (Chrono Boost)  
  14  0:17  Pylon  
  14  0:22  Probe (Chrono Boost)  
  16  0:35  Probe (Chrono Boost)  
  16  0:37  Gateway  
  16  0:42  Assimilator  
  16  0:46  Probe (Chrono Boost)  
  17  0:57  Probe (Chrono Boost)  
  18  1:07  Probe (Chrono Boost)  
  19  1:18  Nexus  
  19  1:28  Cybernetics Core  
  19  1:31  Probe (Chrono Boost)  
  20  1:35  Assimilator  
  20  1:41  Probe (Chrono Boost)  
  20  1:45  Pylon  
  21  1:52  Probe (Chrono Boost)  
  22  2:02  Probe (Chrono Boost)  
  22  2:03  Stalker (Chrono Boost)  
  22  2:04  Warp Gate  
  25  2:14  Probe  
  26  2:22  Twilight Council  
  26  2:26  Probe (Chrono Boost)  
  27  2:30  Adept  
  27  2:31  Probe (Chrono Boost)  
  31  2:37  Probe (Chrono Boost)  
  31  2:41  Probe (Chrono Boost)  
  32  2:47  Probe (Chrono Boost)  
  33  2:52  Probe (Chrono Boost)  
  33  2:58  Resonating Glaives, Probe (Chrono Boost)  
  35  3:02  Probe (Chrono Boost)  
  36  3:09  Probe (Chrono Boost)  
  36  3:12  Gateway  
  37  3:13  Gateway, Probe (Chrono Boost)  
  37  3:19  Mothership Core (Chrono Boost)  
  40  3:23  Probe (Chrono Boost)  
  41  3:34  Probe (Chrono Boost)  
  42  3:35  Nexus  
  42  3:38  Probe (Chrono Boost)  
  42  3:40  Pylon  
  43  3:44  Pylon  
  43  3:47  Probe (Chrono Boost)  
  44  3:50  Probe (Chrono Boost)  
  44  3:53  Assimilator  
  45  3:57  Probe (Chrono Boost)  
  45  4:01  Probe (Chrono Boost)  
  47  4:08  Probe (Chrono Boost), Adept x3  
  54  4:10  Pylon  
  54  4:12  Assimilator  
  54  4:13  Probe (Chrono Boost)  
  55  4:18  Probe (Chrono Boost)  
  55  4:24  Probe (Chrono Boost)  
  57  4:28  Adept x2  
  57  4:29  Adept  
  63  4:32  Pylon, Probe (Chrono Boost)  
  63  4:34  Probe (Chrono Boost)  
  65  4:39  Blink  
  65  4:43  Probe (Chrono Boost)  
  65  4:45  Probe (Chrono Boost)  
  67  4:48  Probe (Chrono Boost)  
  67  4:50  Sentry  
  67  4:51  Sentry  
  72  4:53  Probe (Chrono Boost), Sentry  
  72  4:55  Probe (Chrono Boost)  
  72  4:58  Probe (Chrono Boost)  
  77  5:04  Probe (Chrono Boost)  
  77  5:06  Probe (Chrono Boost)  
  79  5:09  Probe (Chrono Boost)  
  80  5:15  Probe (Chrono Boost)  
  80  5:17  Probe (Chrono Boost), Stalker x2  
  80  5:18  Stalker  
  80  5:19  Probe (Chrono Boost)  
  87  5:21  Robotics Facility  
  87  5:24  Pylon  
  87  5:25  Probe (Chrono Boost)  
  87  5:28  Probe (Chrono Boost)  
  89  5:30  Probe (Chrono Boost)  
  89  5:32  Assimilator  
  89  5:35  Gateway  
  90  5:36  Probe (Chrono Boost)  
  90  5:41  Stalker  
  90  5:42  Stalker x2  
  97  5:44  Pylon  
  97  5:52  Gateway  
  97  5:55  Gateway  
  97  6:03  Gateway  
  97  6:04  Gateway  
  97  6:05  Pylon  
  97  6:07  Stalker x2  
  97  6:08  Warp Prism (Chrono Boost)  
  103  6:11  Stalker  
  103  6:15  Probe  
  103  6:16  Assimilator  
  103  6:17  Probe x2  
  108  6:21  Robotics Bay  
  108  6:24  Pylon  
  108  6:31  Stalker  
  110  6:35  Stalker  
  110  6:36  Stalker  
  115  6:40  Observer (Chrono Boost)  
  115  6:41  Pylon  
  115  6:42  Pylon  
  113  6:55  Adept x3  
  113  6:56  Adept  
  121  7:01  Adept x3  
  121  7:02  Adept  
  129  7:20  Disruptor (Chrono Boost)  
  122  7:30  Stalker x3  
  122  7:31  Stalker x5  
  138  7:39  Pylon  
  138  7:40  Pylon x2  
  138  7:44  Gateway  
  138  7:51  Disruptor (Chrono Boost)  
  138  7:58  Stalker x8  
  137  8:38  Stalker x7  
  137  8:39  Stalker  
  119  8:43  Disruptor (Chrono Boost)  
  91  9:03  Stalker x6  
  91  9:04  Stalker x3  
  91  9:27  Adept x5  
  91  9:28  Stalker x2  
Show
View Real Time Build Order
Export as new Build Order

SortOf Zerg - Winner!

Build Orders: 3 Hatch before Pool, Lurkers 

Get SALT Encoding   

  12  0:00  Drone  
  13  0:12  Overlord  
  13  0:17  Drone  
  14  0:30  Drone x2  
  14  0:35  Drone  
  17  0:48  Drone  
  18  0:55  Hatchery  
  17  0:57  Drone  
  18  1:18  Hatchery  
  17  1:20  Drone  
  17  1:22  Drone  
  19  1:27  Extractor  
  18  1:37  Spawning Pool  
  17  1:41  Drone  
  17  1:46  Drone  
  19  1:56  Drone  
  20  2:03  Drone  
  21  2:08  Drone  
  21  2:12  Drone  
  23  2:17  Drone  
  23  2:21  Overlord  
  24  2:28  Queen  
  26  2:30  Metabolic Boost, Zergling x4  
  26  2:34  Overlord  
  28  2:39  Drone  
  28  2:41  Queen  
  31  2:45  Drone  
  31  2:48  Drone  
  33  2:51  Drone  
  33  2:55  Overlord  
  33  2:57  Drone  
  35  3:02  Queen  
  35  3:04  Drone  
  38  3:12  Queen  
  40  3:14  Overlord  
  40  3:16  Drone  
  40  3:18  Drone  
  42  3:20  Drone  
  42  3:21  Drone  
  42  3:24  Drone  
  45  3:27  Overlord  
  45  3:29  Drone  
  46  3:35  Drone x2  
  46  3:39  Roach Warren  
  47  3:44  Drone x4  
  47  3:46  Drone  
  47  3:48  Drone  
  53  3:51  Drone x2  
  53  3:54  Drone x2  
  57  3:57  Lair  
  57  4:03  Extractor x2  
  57  4:07  Drone  
  57  4:08  Spore Crawler, Drone  
  55  4:10  Drone x3  
  55  4:14  Overlord  
  55  4:15  Overlord  
  58  4:18  Drone  
  58  4:20  Evolution Chamber  
  62  4:24  Roach x3  
  62  4:29  Overlord  
  62  4:30  Drone  
  65  4:31  Overlord  
  65  4:34  Drone x2  
  65  4:35  Roach  
  65  4:37  Roach  
  71  4:41  Roach x2  
  75  4:49  Evolution Chamber x2  
  75  4:50  Roach x2  
  77  4:53  Drone x2  
  77  4:54  Drone x2  
  77  4:57  Drone x2  
  77  4:59  Drone x2  
  85  5:02  Drone  
  85  5:06  Drone  
  85  5:08  Drone x3  
  85  5:09  Drone  
  85  5:10  Drone  
  85  5:11  Overlord  
  88  5:18  Glial Reconstitution  
  88  5:19  Zerg Ground Armor Level 1  
  85  5:21  Drone x2  
  85  5:24  Extractor  
  86  5:29  Drone x4, Extractor x2  
  86  5:32  Hydralisk Den  
  86  5:33  Drone x2  
  86  5:35  Overlord  
  89  5:38  Overlord  
  89  5:39  Overseer  
  90  5:42  Zergling x2  
  90  5:47  Overlord  
  90  5:55  Drone x4  
  94  5:57  Overlord  
  94  5:58  Zergling x2  
  94  5:59  Zergling x2  
  94  6:01  Ravager x3  
  94  6:02  Zergling x2  
  94  6:03  Hatchery, Zergling x2  
  100  6:06  Zergling x4  
  100  6:09  Zergling x6  
  105  6:12  Lurker Den  
  105  6:15  Hydralisk  
  106  6:21  Hydralisk x2  
  106  6:23  Overlord  
  106  6:25  Hydralisk  
  112  6:29  Drone  
  112  6:30  Drone x3  
  116  6:34  Hydralisk x2  
  116  6:35  Overlord  
  120  6:41  Hydralisk x2  
  120  6:44  Hydralisk x2  
  128  6:52  Hydralisk  
  129  6:54  Overlord  
  129  6:55  Hydralisk  
  129  6:56  Hydralisk x2  
  134  7:02  Zergling x6  
  134  7:04  Overlord  
  137  7:11  Hydralisk  
  137  7:12  Zergling x2  
  137  7:13  Zergling x10  
  142  7:16  Zergling x2  
  142  7:17  Zergling x2  
  138  7:26  Zergling x2  
  138  7:27  Zergling x10  
  134  7:32  Hydralisk x2  
  134  7:34  Hydralisk x2  
  142  7:37  Zergling x8  
  142  7:39  Lurker x5  
  151  7:46  Overlord  
  151  7:48  Drone x4  
  151  7:51  Overseer, Overlord  
  155  7:57  Extractor  
  154  7:58  Extractor  
  154  8:04  Drone  
  153  8:06  Hydralisk  
  153  8:07  Hydralisk x3  
  153  8:12  Spore Crawler, Zergling x12  
  163  8:13  Zergling x6  
  163  8:14  Lurker  
  167  8:25  Lurker x2  
  157  8:37  Zergling x12  
  154  8:44  Zergling x18  
  154  8:46  Zergling x4  
  154  8:52  Hydralisk x7  
  154  8:54  Overseer  
  163  8:57  Hydralisk  
  158  9:05  Lurker  
  158  9:06  Zergling x2  
  158  9:07  Zergling x6  
  163  9:13  Zergling x2  
Tags
 
Add a new tag
Caveats
  • Supply blocks, unpowered buildings, or Contaminate may cause inaccurate times.
  • Supply counts are checked every 10 seconds.